 Dungeon Crawl Stone Soup version 0.29.0-4-gdea44cf6ec (webtiles) character file.

Game seed: 8749574873645897387

93846 qw the Severer (level 13, -8/112 (130) HPs)
             Began as a Minotaur Fighter on Sept 6, 2022.
             Was the Champion of Ru.
             Mangled by a spriggan rider
             ... wielding a +0 spear
              (14 damage)
             ... on level 2 of the Swamp.
             The game lasted 00:11:02 (29639 turns).

qw the Severer (Minotaur Fighter)                  Turns: 29639, Time: 00:11:03

HP:   -8/112 (130)  AC: 24    Str: 26    XL:     13   Next: 61%
MP:   12/12         EV:  7    Int:  5    God:    Ru [******]
Gold: 328           SH: 17    Dex: 10    Spells: 12/12 levels left

rFire   . . .      SeeInvis .   b - +1 war axe (flame)
rCold   . . .      Faith    .   u - +0 kite shield
rNeg    . . .      Spirit   .   m - +3 plate armour
rPois   +          Reflect  +   h - +1 hat {Stlth+}
rElec   .          Harm     .   q - +0 cloak
rCorr   .          Rampage  .   k - +0 pair of gloves
Will    .....                   (no boots)
Stlth   ..........              w - amulet of reflection
HPRegen 0.28/turn               p - ring of poison resistance
MPRegen 0.13/turn               t - +4 ring of slaying {mikee}

@: about to teleport, heavily drained
A: horns 2, inability to use devices, inability to train dodging, inexperienced
2, retaliatory headbutt
a: Renounce Religion, Draw Out Power, Power Leap, Apocalypse


You were on level 2 of the Swamp.
You worshipped Ru.
Ru was exalted by your worship.
You visited 5 branches of the dungeon, and saw 25 of its levels.
You also visited: Sewer.

You collected 2087 gold pieces.
You spent 1759 gold pieces at shops.


Innate Abilities, Weirdness & Mutations

You have a pair of horns on your head.
You cannot study or use magical devices.
You cannot train Dodging skill.
You are inexperienced. (-2 XL)
You reflexively headbutt those who attack you in melee.


   Skills:
 + Level 16.9 Fighting
 - Level 19.0 Axes
 - Level 7.0 Throwing
 - Level 15.0 Armour
 - Level 15.0 Shields


You had 12 spell levels left.
You didn't know any spells.
Your spell library was empty.

Inventory:

Hand Weapons
 b - a +1 war axe of flaming (weapon)
 l - a +5 broad axe of freezing
Missiles
 i - 7 boomerangs
 s - a javelin (quivered)
Armour
 h - a +1 hat of stealth (worn)
 k - a +0 pair of gloves (worn)
 m - a +3 plate armour (worn)
 n - the +0 chain mail of Baummoppi {rPois rF+ rC- Dex+2}
   (You bought it in a shop on level 2 of the Orcish Mines)

   Dex:       It affects your dexterity (+2).
   rF:        It protects you from fire.
   rC:        It makes you vulnerable to cold.
   rPois:     It protects you from poison.
 q - a +0 cloak (worn)
 u - a +0 kite shield (worn)
 x - the +3 ring mail of the Sun {rF++ Str+6 Dex-4}
   (You found it on level 13 of the Dungeon)

   Str:       It affects your strength (+6).
   Dex:       It affects your dexterity (-4).
   rF:        It greatly protects you from fire.
Jewellery
 p - a ring of poison resistance (left hand)
 t - a +4 ring of slaying (right hand) {mikee}
 w - an amulet of reflection (around neck)
 y - a ring of fire
 Y - a +6 ring of strength
Scrolls
 a - 11 scrolls of identify
 g - 8 scrolls of teleportation
Potions
 c - a potion of resistance
 d - 4 potions of might
 e - 6 potions of mutation
 f - 2 potions of haste
 j - 8 potions of heal wounds
 o - 3 potions of curing
 r - a potion of cancellation

Dungeon Overview and Level Annotations

Branches:
Dungeon (15/15)            Temple (1/1) D:6            Lair (5/5) D:11
  Swamp (1/4) Lair:2        Snake (0/4) Lair:2        Slime (0/5) Lair:5
    Orc (2/2) D:10            Elf (0/3) Orc:2        Vaults (0/5) D:14
 Depths (0/4) D:15          Sewer (visited)

Altars:
Ashenzari
Cheibriados
Dithmenos
Elyvilon
Fedhas
Gozag
Hepliaklqana
Kikubaaqudgha
Makhleb
Nemelex Xobeh
Okawaru
Qazlal
Ru
Sif Muna
Trog
Uskayaw
Vehumet
Wu Jian
Xom
Yredelemnul
Zin
The Shining One
Jiyva
Lugonu

Shops:
Orc:2 ?=[?[

Portals:
Abyss: Lair:5

Annotations:
D:3 2 transporters
D:5 1 runed translucent door, qw's ghost, novice MiFi
D:9 3 runed translucent doors, qw's ghost, novice TeWr
D:10 1 runed translucent door


Message History

With its final breath, the spriggan druid offers up its power to the beasts of the wild!
The four-headed hydra seems to grow more fierce.
The goliath frog seems to grow more fierce.
You kill the spriggan druid!
You hit the spriggan but do no damage. You completely miss the eleionoma.
You barely miss the spriggan. You hit the four-headed hydra.
You burn the four-headed hydra. You block the spriggan rider's attack.
The spriggan hits you but does no damage.
The goliath frog hits you but does no damage.
You redirect the eleionoma's attack!
The eleionoma hurls a spray of splinters at the spriggan.
The spray of wooden splinters hits you!!
The spray of wooden splinters hits the spriggan!!
The spriggan dies!
You hear a splash. x2
The spray of wooden splinters hits the spriggan rider!!!
A six-headed hydra comes into view.
The eleionoma shouts!
You hit the eleionoma. You burn the eleionoma.
The eleionoma is lightly wounded.
You hit the spriggan. You burn the spriggan.
You hack one of the four-headed hydra's heads off!
The flame cauterises the wound!
You slash the three-headed hydra! You burn the three-headed hydra.
You block the three-headed hydra's attack.
The three-headed hydra bites you but does no damage.
You block the three-headed hydra's attack.
The goliath frog hits you from afar!
You are splashed with acid.
The spriggan rider closely misses you.
The spriggan is stunned by your conviction and fails to attack.
The eleionoma splashes around in the water.
29639 ||| READING 9 scrolls of teleportation.
As you read the scroll of teleportation, it crumbles to dust.
You feel strangely unstable. You block the spriggan's attack.
You block the goliath frog's attack. The three-headed hydra bites you! x2
You block the three-headed hydra's attack.
The spriggan rider hits you from afar with a +0 spear!
You die...

7..~~~...~7...
7D~~~~~.~.....
7.~~~~~....~¤ .
7.~~~~~..... ~.
77..~~~....7 ..7
7~.....Fi..7~~~7
7..¤.i).~....7
7)@D..7 7R)..77
7~......¤7
77.[~.7..¤7
777~777.77


77 77 You could see an eleionoma, a six-headed hydra, a three-headed hydra
(strong), a spriggan rider, a goliath frog (strong) and a spriggan.

Vanquished Creatures
  A stone giant (D:15)
  An eleionoma (Swamp:1)
  2 bunyips (Swamp:1)
  4 boulder beetles
  A rakshasa (D:15)
  6 hydras
  A ghost crab (Swamp:1)
  An ogre mage (D:15)
  A catoblepas (Lair:5)
  A death yak (shapeshifter) (D:15)
  7 two-headed ogres
  11 death yaks
  3 tengu warriors
  An alligator (Swamp:1)
  4 thrashing horrors (Lair:5)
  Urug (Lair:4)
  2 spriggan druids
  A lindwurm (Lair:3)
  2 bog bodies (Swamp:1)
  A wizard (D:14)
  8 orc knights
  A swamp dragon (Swamp:1)
  6 deep elf pyromancers
  13 ugly things
  2 will-o-the-wisps (Swamp:1)
  An orc sorcerer (Orc:1)
  4 cyclopes
  A black mamba (Lair:5)
  10 elephants (Lair:4)
  A gargoyle (D:10)
  A smoke demon (Lair:5)
  9 cane toads
  A rime drake (Lair:5)
  3 unseen horrors
  3 kobold demonologists
  An efreet (D:15)
  6 komodo dragons
  2 tengu conjurers
  7 trolls
  3 ancient zymes (Lair:5)
  A meliai (D:14)
  A polar bear (shapeshifter) (D:15)
  2 hornets
  A queen bee (Lair:2)
  17 slime creatures
  A hornet (shapeshifter) (Lair:5)
  6 dream sheep (Lair:4)
  2 tyrant leeches (Swamp:1)
  21 blink frogs
  9 small abominations (Lair:5)
  A centaur simulacrum (D:14)
  3 shadows
  A wraith (D:12)
  41 yaks
  2 spriggans (Lair:5)
  A water elemental (D:14)
  5 wyverns
  A hog (shapeshifter) (D:14)
  A vampire (D:11)
  3 ynoxinuls (Lair:5)
  4 basilisks
  12 vampire mosquitoes
  A chaos spawn (Lair:5)
  10 wargs
  2 large abominations (Lair:5)
  3 swamp worms (Swamp:1)
  5 acid dragons
  21 water moccasins
  A swamp drake (Swamp:1)
  33 orc warriors
  Pargi (Sewer)
  An ice beast (D:6)
  A black bear (Lair:2)
  10 ogres
  4 centaurs
  A kobold brigand (D:9)
  A phantom (D:6)
  2 gnoll sergeants
  12 bullfrogs
  2 scorpions
  A hornet simulacrum (D:14)
  33 killer bees
  2 howler monkeys (D:8)
  An electric eel (Lair:2)
  A hound (D:7)
  A jelly (D:5)
  8 orc priests
  9 orc wizards
  Ijyb (D:3)
  4 iguanas
  Robin (D:2)
  13 gnolls
  3 river rats (D:5)
  17 adders
  3 white imps
  An ufetubus (D:5)
  11 worms
  2 dart slugs
  68 orcs
  8 endoplasms
  5 giant cockroaches
  13 hobgoblins
  4 jackals (D:2)
  3 quokkas
  6 ball pythons
  A ball python zombie (D:3)
  7 bats
  11 frilled lizards
  A giant cockroach zombie (D:3)
  13 goblins
  6 kobolds
  11 rats
651 creatures vanquished.

Vanquished Creatures (others)
  2 hydras
  A two-headed ogre (D:15)
  A black mamba (Lair:3)
  A bloated husk (Swamp:2)
  A tyrant leech (Swamp:1)
  A slime creature (D:14)
  2 spriggans (Swamp:2)
  A killer bee (Lair:2)
  12 foxfires (Swamp:1)
  47 fungi
  47 plants
116 creatures vanquished.

Grand Total: 767 creatures vanquished

Notes
Turn   | Place    | Note
-------+----------+-------------------------------------------
     0 | D:1      | qw the Minotaur Fighter began the quest for the Orb.
     0 | D:1      | Reached XP level 1. HP: 19/19 MP: 0/0
     0 | D:1      | 0 ||| qw: Version: 0.1-a-107-g9ff403c
     0 | D:1      | 0 ||| qw: Game counter: 6161
     0 | D:1      | 0 ||| qw: Always use a shield: true
     0 | D:1      | 0 ||| qw: God list: Ru
     0 | D:1      | 0 ||| qw: Allow faded altars: false
     0 | D:1      | 0 ||| qw: Do Orc after D:15 true
     0 | D:1      | 0 ||| qw: Do second Lair branch before Depths: true
     0 | D:1      | 0 ||| qw: Lair rune preference: random
     0 | D:1      | 0 ||| qw: Plans: Normal
     0 | D:1      | 0 ||| PLANNING D:1-11
   196 | D:1      | Reached skill level 3 in Axes
   201 | D:1      | Found a faded altar of an unknown god.
   333 | D:1      | Reached XP level 2. HP: 26/26 MP: 1/1
   581 | D:1      | Reached skill level 4 in Axes
   691 | D:1      | 691 ||| Stepping ~*~*~tactically~*~*~ (stealth).
   698 | D:1      | 698 ||| Stepping ~*~*~tactically~*~*~ (stealth).
   909 | D:1      | 909 ||| READING 5 scrolls labelled KELLEOROECVA.
   910 | D:1      | 910 ||| READING scroll labelled WAUSSOOLYGUH.
   911 | D:1      | 911 ||| READING scroll labelled BYOSECHUKHA.
   912 | D:1      | 912 ||| READING 4 scrolls of identify.
   912 | D:1      | 912 ||| IDENTIFYING metallic grey potion
   913 | D:1      | 913 ||| READING 3 scrolls of identify.
   913 | D:1      | 913 ||| IDENTIFYING ruby potion
   914 | D:1      | 914 ||| READING 2 scrolls of identify.
   914 | D:1      | 914 ||| IDENTIFYING red potion
   922 | D:2      | Reached XP level 3. HP: 31/31 MP: 2/2
   991 | D:2      | 991 ||| Stepping ~*~*~tactically~*~*~ (stealth).
   994 | D:2      | 994 ||| Stepping ~*~*~tactically~*~*~ (stealth).
  1000 | D:2      | 1000 ||| Stepping ~*~*~tactically~*~*~ (stealth).
  1002 | D:2      | 1002 ||| Stepping ~*~*~tactically~*~*~ (stealth).
  1006 | D:2      | 1006 ||| Stepping ~*~*~tactically~*~*~ (stealth).
  1008 | D:2      | 1008 ||| Stepping ~*~*~tactically~*~*~ (stealth).
  1011 | D:2      | 1011 ||| Stepping ~*~*~tactically~*~*~ (stealth).
  1012 | D:2      | 1012 ||| Stepping ~*~*~tactically~*~*~ (stealth).
  1016 | D:2      | 1016 ||| Stepping ~*~*~tactically~*~*~ (stealth).
  1017 | D:2      | 1017 ||| Stepping ~*~*~tactically~*~*~ (stealth).
  1051 | D:2      | Noticed Robin
  1052 | D:2      | 1052 ||| Stepping ~*~*~tactically~*~*~ (hiding).
  1064 | D:2      | Killed Robin
  1066 | D:2      | HP: 7/31 [hobgoblin[Robin] (6)]
  1068 | D:2      | Reached skill level 5 in Axes
  1074 | D:2      | HP: 5/31 [hobgoblin[Robin] (1)]
  1381 | D:2      | Reached skill level 1 in Dodging
  1381 | D:2      | Reached XP level 4. HP: 27/39 MP: 3/3
  1567 | D:2      | 1567 ||| Stepping ~*~*~tactically~*~*~ (hiding).
  1620 | D:2      | 1620 ||| Stepping ~*~*~tactically~*~*~ (hiding).
  1655 | D:2      | 1655 ||| DROPPING +0 whip.
  1800 | D:2      | Reached skill level 6 in Axes
  1802 | D:2      | Reached XP level 5. HP: 23/45 MP: 4/4
  2009 | D:2      | 2009 ||| Stepping ~*~*~tactically~*~*~ (stealth).
  2374 | D:2      | 2374 ||| UPGRADING to +0 pair of gloves.
  2379 | D:2      | 2379 ||| READING scroll labelled KEOLIM RYUMER.
  2379 | D:2      | Identified a scroll of acquirement
  2379 | D:2      | 2379 ||| ACQUIRING +1 hat of stealth
  2379 | D:2      | Acquired a +1 hat of stealth
  2381 | D:2      | 2381 ||| UPGRADING to +1 hat of stealth.
  2386 | D:2      | 2386 ||| READING 3 scrolls of identify.
  2386 | D:2      | 2386 ||| IDENTIFYING cyan potion
  2387 | D:2      | 2387 ||| READING 2 scrolls of identify.
  2387 | D:2      | 2387 ||| IDENTIFYING puce potion
  2388 | D:2      | 2388 ||| DROPPING potion of lignification.
  2478 | D:3      | 2478 ||| Stepping ~*~*~tactically~*~*~ (stealth).
  2492 | D:3      | 2492 ||| SWAPPING to +2 vampiric hand axe.
  2493 | D:3      | 2493 ||| DROPPING +0 war axe.
  2523 | D:3      | Noticed Ijyb
  2534 | D:3      | Killed Ijyb
  2540 | D:3      | Found a radiant altar of Vehumet.
  2559 | D:3      | 2559 ||| Stepping ~*~*~tactically~*~*~ (hiding).
  2607 | D:3      | Found a transporter.
  2607 | D:3      | Found a transporter.
  2642 | D:3      | Found a white marble altar of Elyvilon.
  2841 | D:3      | Found a basalt altar of Yredelemnul.
  2921 | D:3      | Found a shadowy altar of Dithmenos.
  2934 | D:3      | You fall into a shaft and drop 2 floors!
  2934 | D:5      | Entered Level 5 of the Dungeon
  2943 | D:5      | 2943 ||| PLANNING SEWER
  2948 | D:5      | Reached skill level 7 in Axes
  2977 | D:5      | 2977 ||| SWAPPING to +0 broad axe.
  2980 | D:5      | 2980 ||| Stepping ~*~*~tactically~*~*~ (stealth).
  2981 | D:5      | 2981 ||| DROPPING +2 vampiric hand axe.
  3001 | D:5      | 3001 ||| Stepping ~*~*~tactically~*~*~ (stealth).
  3080 | D:5      | Reached XP level 6. HP: 50/52 MP: 5/5
  3198 | D:5      | Found a glowing drain.
  3199 | D:5      | 3199 ||| UPGRADING to +0 chain mail.
  3209 | D:5      | 3209 ||| DROPPING +0 scale mail.
  3210 | D:5      | 3210 ||| UPGRADING to +0 kite shield.
  3220 | D:5      | 3220 ||| DROPPING +0 buckler.
  3221 | D:5      | 3221 ||| DROPPING amulet of magic regeneration.
  3222 | D:5      | 3222 ||| READING scroll labelled HIYTU TYSCHIRUF.
  3223 | D:5      | 3223 ||| DROPPING +0 flail.
  3224 | D:5      | 3224 ||| READING scroll labelled JAMOYB YWOEPH.
  3225 | D:5      | 3225 ||| READING scroll labelled WITAEM BEUNAS.
  3229 | D:5      | 3229 ||| DRINKING 2 viscous grey potions.
  3230 | D:5      | 3230 ||| READING 2 scrolls of identify.
  3230 | D:5      | 3230 ||| IDENTIFYING white potion
  3231 | D:5      | 3231 ||| DROPPING potion of brilliance.
  3232 | D:5      | 3232 ||| DROPPING potion of attraction.
  3241 | Sewer    | Entered a sewer
  3246 | Sewer    | 3246 ||| Stepping ~*~*~tactically~*~*~ (water).
  3283 | Sewer    | 3283 ||| Stepping ~*~*~tactically~*~*~ (water).
  3303 | Sewer    | Noticed Pargi
  3308 | Sewer    | Killed Pargi
  3383 | Sewer    | 3383 ||| Stepping ~*~*~tactically~*~*~ (water).
  3438 | Sewer    | 3438 ||| READING 2 scrolls labelled RIXOUSAXKY.
  3439 | Sewer    | 3439 ||| DROPPING scroll of fear.
  3456 | D:5      | 3456 ||| PLANNING D:1-11
  3551 | D:5      | Reached skill level 8 in Axes
  3589 | D:5      | Reached XP level 7. HP: 42/59 MP: 6/6
  3677 | D:5      | 3677 ||| READING scroll labelled NACAUK XAFECS.
  3678 | D:5      | 3678 ||| READING scroll labelled GAUSTA JAWOWN.
  3679 | D:5      | 3679 ||| READING 2 scrolls of identify.
  3679 | D:5      | 3679 ||| IDENTIFYING murky golden potion
  3833 | D:4      | 3833 ||| Stepping ~*~*~tactically~*~*~ (stealth).
  3834 | D:4      | 3834 ||| Stepping ~*~*~tactically~*~*~ (stealth).
  3836 | D:4      | 3836 ||| Stepping ~*~*~tactically~*~*~ (stealth).
  3858 | D:4      | 3858 ||| Stepping ~*~*~tactically~*~*~ (stealth).
  3859 | D:4      | 3859 ||| Stepping ~*~*~tactically~*~*~ (stealth).
  3914 | D:4      | Found an iron altar of Okawaru.
  4068 | D:3      | Found a blossoming altar of Fedhas.
  4254 | D:3      | 4254 ||| READING scroll labelled GEOK WIGYLOAQOEZU.
  4255 | D:3      | 4255 ||| READING 3 scrolls of identify.
  4255 | D:3      | 4255 ||| IDENTIFYING fuming clear potion
  4256 | D:3      | 4256 ||| DROPPING potion of berserk rage.
  4335 | D:4      | Reached skill level 6 in Shields
  4430 | D:4      | Found a snail-covered altar of Cheibriados.
  4819 | D:4      | 4819 ||| READING scroll labelled HESOORUAGA.
  4820 | D:4      | 4820 ||| READING scroll labelled NID BETSUTZ.
  4821 | D:4      | 4821 ||| READING scroll labelled KIQAWA JUOVEHEILA.
  4883 | D:5      | Found a runed translucent door.
  4883 | D:5      | Noticed qw's ghost (novice MiFi)
  5030 | D:5      | 5030 ||| Stepping ~*~*~tactically~*~*~ (hiding).
  5035 | D:5      | Reached skill level 9 in Axes
  5038 | D:5      | 5038 ||| Stepping ~*~*~tactically~*~*~ (stealth).
  5229 | D:5      | Found a hide-covered altar of Uskayaw.
  5680 | D:6      | Found a staircase to the Ecumenical Temple.
  5681 | D:6      | 5681 ||| PLANNING TEMPLE
  5692 | Temple   | Entered the Ecumenical Temple
  5726 | Temple   | 5726 ||| PLANNING D:1-11
  5761 | D:6      | Reached XP level 8. HP: 68/68 MP: 7/7
  5963 | D:6      | 5963 ||| Stepping ~*~*~tactically~*~*~ (hiding).
  6219 | D:6      | 6219 ||| Stepping ~*~*~tactically~*~*~ (stealth).
  6285 | D:6      | 6285 ||| Stepping ~*~*~tactically~*~*~ (hiding).
  6286 | D:6      | 6286 ||| Stepping ~*~*~tactically~*~*~ (hiding).
  6339 | D:6      | Reached skill level 10 in Axes
  6516 | D:6      | Reached skill level 6 in Fighting
  7003 | D:7      | Found a sacrificial altar of Ru.
  7276 | D:7      | Became a worshipper of Ru the Awakened
  7365 | D:7      | Reached skill level 11 in Axes
  7770 | D:7      | Reached XP level 9. HP: 77/77 MP: 8/8
  7987 | D:7      | 7987 ||| UPGRADING to amulet of regeneration.
  7992 | D:7      | 7992 ||| READING 3 scrolls of identify.
  7992 | D:7      | 7992 ||| IDENTIFYING fuming grey potion
  7993 | D:7      | 7993 ||| READING 2 scrolls of identify.
  7993 | D:7      | 7993 ||| IDENTIFYING bubbling cyan potion
  7994 | D:7      | 7994 ||| DROPPING potion of magic.
  7995 | D:7      | 7995 ||| DROPPING potion of degeneration.
  8097 | D:8      | 8097 ||| READING scroll of brand weapon.
  8097 | D:8      | 8097 ||| BRANDING +1 broad axe of flaming.
  8109 | D:8      | 8109 ||| DROPPING +0 club.
  8128 | D:8      | Identified the +2 ring mail "Gerchiro" {rF+ rCorr Dex+3}
  8188 | D:8      | Found a shimmering blue altar of Sif Muna.
  8194 | D:8      | Found a broken altar of Ashenzari.
  8287 | D:8      | Identified the +8 trident of Heama {drain, Fragile rF+++
                  | rCorr Dex+3}
  8359 | D:8      | 8359 ||| DROPPING +0 mace.
  8453 | D:8      | Reached skill level 12 in Axes
  8526 | D:8      | Found a glowing silver altar of Zin.
  8534 | D:8      | 8534 ||| UPGRADING to +2 ring mail "Gerchiro" {rF+ rCorr
                  | Dex+3}.
  8558 | D:9      | Noticed a troll
  8563 | D:9      | 8563 ||| STAIRDANCE
  8569 | D:8      | Killed a troll
  8570 | D:8      | Reached skill level 3 in Dodging
  8585 | D:9      | 8585 ||| STAIRDANCE
  8595 | D:8      | Reached skill level 9 in Shields
  8632 | D:9      | 8632 ||| INVOKING Sacrifice Nimbleness.
  8632 | D:9      | Gained mutation: You cannot train Dodging skill. [Ru
                  | sacrifice]
  8632 | D:9      | Reached * piety under Ru
  8689 | D:9      | Found a runed translucent gate.
  8689 | D:9      | Found a runed translucent gate.
  8689 | D:9      | Found a runed translucent gate.
  8689 | D:9      | Noticed qw's ghost (novice TeWr)
  8694 | D:9      | Found a viscous altar of Jiyva.
  8699 | D:9      | 8699 ||| Stepping ~*~*~tactically~*~*~ (hiding).
  8702 | D:9      | 8702 ||| Stepping ~*~*~tactically~*~*~ (hiding).
  8719 | D:9      | 8719 ||| Stepping ~*~*~tactically~*~*~ (stealth).
  8721 | D:9      | 8721 ||| Stepping ~*~*~tactically~*~*~ (stealth).
  8751 | D:9      | 8751 ||| DRINKING 2 potions of curing.
  8751 | D:9      | 8751 ||| (to cure confusion)
  8779 | D:9      | 8779 ||| Stepping ~*~*~tactically~*~*~ (hiding).
  8784 | D:9      | 8784 ||| Stepping ~*~*~tactically~*~*~ (hiding).
  8787 | D:9      | 8787 ||| Stepping ~*~*~tactically~*~*~ (hiding).
  8793 | D:9      | Reached skill level 13 in Axes
  8918 | D:9      | Reached XP level 10. HP: 84/86 MP: 9/9
  8939 | D:9      | 8939 ||| Stepping ~*~*~tactically~*~*~ (stealth).
  8949 | D:9      | 8949 ||| Stepping ~*~*~tactically~*~*~ (stealth).
  8963 | D:9      | 8963 ||| FLEEEEING.
  8964 | D:9      | 8964 ||| FLEEEEING.
  8965 | D:9      | 8965 ||| FLEEEEING.
  9077 | D:9      | 9077 ||| Stepping ~*~*~tactically~*~*~ (stealth).
  9078 | D:9      | 9078 ||| Stepping ~*~*~tactically~*~*~ (stealth).
  9083 | D:9      | Noticed an orange demon
  9087 | D:9      | Reached skill level 14 in Axes
  9089 | D:9      | 9089 ||| Stepping ~*~*~tactically~*~*~ (stealth).
  9377 | D:9      | 9377 ||| Stepping ~*~*~tactically~*~*~ (stealth).
  9379 | D:9      | 9379 ||| Stepping ~*~*~tactically~*~*~ (stealth).
  9452 | D:9      | 9452 ||| UPGRADING to +0 plate armour.
  9462 | D:9      | 9462 ||| DROPPING +0 chain mail.
  9463 | D:9      | 9463 ||| UPGRADING to ring of protection from cold.
  9464 | D:9      | 9464 ||| UPGRADING to ring of resist corrosion.
  9489 | D:10     | Entered Level 10 of the Dungeon
  9490 | D:10     | 9490 ||| STAIRDANCE
  9508 | D:9      | 9508 ||| FLEEEEING.
  9509 | D:9      | 9509 ||| FLEEEEING.
  9510 | D:9      | 9510 ||| FLEEEEING.
  9511 | D:9      | 9511 ||| FLEEEEING.
  9588 | D:10     | 9588 ||| FLEEEEING.
  9611 | D:10     | Noticed a two-headed ogre
  9618 | D:10     | Killed a two-headed ogre
  9619 | D:10     | Reached skill level 6 in Armour
  9619 | D:10     | Noticed a gargoyle
  9620 | D:10     | 9620 ||| FLEEEEING.
  9630 | D:10     | 9630 ||| STAIRDANCE
  9798 | D:10     | Killed a gargoyle
  9858 | D:10     | 9858 ||| DROPPING +0 flail.
  9921 | D:10     | Found a bloodstained altar of Trog.
 10011 | D:10     | 10011 ||| READING scroll of enchant weapon.
 10011 | D:10     | 10011 ||| ENCHANTING +1 broad axe of freezing.
 10041 | D:10     | Found a runed translucent door.
 10042 | D:10     | Found a burning altar of Makhleb.
 10042 | D:10     | Noticed a sixfirhy
 10054 | D:10     | Found a staircase to the Orcish Mines.
 10076 | D:10     | Found a glowing golden altar of the Shining One.
 10198 | D:10     | Noticed a hell knight
 10203 | D:10     | 10203 ||| DRINKING 3 brown potions.
 10204 | D:10     | 10204 ||| DRINKING potion of curing.
 10204 | D:10     | 10204 ||| (to cure confusion)
 10205 | D:10     | 10205 ||| DROPPING 2 potions of ambrosia.
 10206 | D:10     | 10206 ||| FLEEEEING.
 10207 | D:10     | 10207 ||| FLEEEEING.
 10210 | D:10     | 10210 ||| FLEEEEING.
 10211 | D:10     | 10211 ||| FLEEEEING.
 10212 | D:10     | 10212 ||| FLEEEEING.
 10213 | D:10     | 10213 ||| FLEEEEING.
 10214 | D:10     | 10214 ||| FLEEEEING.
 10215 | D:10     | 10215 ||| STAIRDANCE
 10320 | D:11     | Noticed a two-headed ogre
 10327 | D:11     | Killed a two-headed ogre
 10329 | D:11     | Reached XP level 11. HP: 81/94 MP: 10/10
 10400 | D:11     | 10400 ||| Stepping ~*~*~tactically~*~*~ (stealth).
 10412 | D:11     | Reached skill level 15 in Axes
 10432 | D:11     | Found a staircase to the Lair.
 10440 | D:11     | 10440 ||| Stepping ~*~*~tactically~*~*~ (hiding).
 10441 | D:11     | 10441 ||| Stepping ~*~*~tactically~*~*~ (hiding).
 10442 | D:11     | 10442 ||| Stepping ~*~*~tactically~*~*~ (hiding).
 10554 | D:11     | Found a frozen archway.
 10560 | D:11     | Reached skill level 1 in Throwing
 10673 | D:11     | Reached skill level 9 in Fighting
 10915 | D:11     | 10915 ||| INVOKING Sacrifice Artifice.
 10915 | D:11     | Gained mutation: You cannot study or use magical devices.
                  | [Ru sacrifice]
 10915 | D:11     | Reached ** piety under Ru
 10915 | D:11     | Reached *** piety under Ru
 10988 | D:11     | HP: 24/97 [manticore (5)]
 10989 | D:11     | 10989 ||| READING 9 scrolls of teleportation.
 10990 | D:11     | 10990 ||| INVOKING Draw Out Power.
 11122 | D:11     | 11122 ||| Stepping ~*~*~tactically~*~*~ (hiding).
 11123 | D:11     | 11123 ||| Stepping ~*~*~tactically~*~*~ (hiding).
 11453 | D:10     | 11453 ||| PLANNING LAIR
 11486 | Lair:1   | Entered Level 1 of the Lair of Beasts
 11625 | Lair:1   | Reached skill level 16 in Axes
 11702 | Lair:1   | 11702 ||| Stepping ~*~*~tactically~*~*~ (stealth).
 12296 | Lair:1   | 12296 ||| UPGRADING to +0 cloak.
 12301 | Lair:1   | 12301 ||| UPGRADING to amulet of reflection.
 12311 | Lair:1   | 12311 ||| DROPPING amulet of regeneration.
 12312 | Lair:1   | 12312 ||| READING 3 scrolls labelled DORCHI XIMNUDEI.
 12490 | Lair:1   | 12490 ||| DROPPING 2 scrolls of torment.
 12607 | Lair:2   | 12607 ||| Stepping ~*~*~tactically~*~*~ (stealth).
 12623 | Lair:2   | 12623 ||| Stepping ~*~*~tactically~*~*~ (stealth).
 12672 | Lair:2   | Found a staircase to the Snake Pit.
 12730 | Lair:2   | 12730 ||| Stepping ~*~*~tactically~*~*~ (stealth).
 12740 | Lair:2   | 12740 ||| Stepping ~*~*~tactically~*~*~ (stealth).
 12805 | Lair:2   | Noticed a six-headed hydra
 12808 | Lair:2   | 12808 ||| SWAPPING to +0 morningstar.
 12811 | Lair:2   | 12811 ||| Stepping ~*~*~tactically~*~*~ (outnumbered).
 12811 | Lair:2   | Found a staircase to the Swamp.
 12812 | Lair:2   | 12812 ||| Stepping ~*~*~tactically~*~*~ (outnumbered).
 12813 | Lair:2   | 12813 ||| Stepping ~*~*~tactically~*~*~ (outnumbered).
 12815 | Lair:2   | 12815 ||| Stepping ~*~*~tactically~*~*~ (outnumbered).
 12817 | Lair:2   | 12817 ||| Stepping ~*~*~tactically~*~*~ (outnumbered).
 12819 | Lair:2   | Killed a six-headed hydra
 12820 | Lair:2   | Reached skill level 17 in Axes
 12820 | Lair:2   | 12820 ||| SWAPPING to +2 broad axe of freezing.
 13053 | Lair:2   | Reached XP level 12. HP: 50/105 MP: 11/11
 13287 | Lair:2   | HP: 25/106 [poisoned by a killer bee]
 13288 | Lair:2   | 13288 ||| READING 8 scrolls of teleportation.
 13288 | Lair:2   | HP: 12/106 [killer bee (6)]
 13289 | Lair:2   | 13289 ||| INVOKING Draw Out Power.
 13291 | Lair:2   | 13291 ||| DRINKING 6 potions of heal wounds.
 13298 | Lair:2   | HP: 25/100 [poisoned by a killer bee]
 13668 | Lair:2   | 13668 ||| Stepping ~*~*~tactically~*~*~ (stealth).
 13669 | Lair:2   | 13669 ||| Stepping ~*~*~tactically~*~*~ (stealth).
 13672 | Lair:2   | 13672 ||| Stepping ~*~*~tactically~*~*~ (stealth).
 13673 | Lair:2   | 13673 ||| Stepping ~*~*~tactically~*~*~ (stealth).
 13681 | Lair:2   | 13681 ||| Stepping ~*~*~tactically~*~*~ (stealth).
 13686 | Lair:2   | 13686 ||| Stepping ~*~*~tactically~*~*~ (stealth).
 13697 | Lair:2   | 13697 ||| Stepping ~*~*~tactically~*~*~ (stealth).
 13931 | Lair:2   | 13931 ||| INVOKING Reject Sacrifices.
 14074 | Lair:3   | Reached skill level 9 in Armour
 15080 | Lair:4   | Noticed Urug
 15081 | Lair:4   | 15081 ||| FLEEEEING.
 15086 | Lair:4   | 15086 ||| FLEEEEING.
 15087 | Lair:4   | 15087 ||| FLEEEEING.
 15088 | Lair:4   | 15088 ||| FLEEEEING.
 15089 | Lair:4   | 15089 ||| FLEEEEING.
 15090 | Lair:4   | 15090 ||| FLEEEEING.
 15091 | Lair:4   | 15091 ||| FLEEEEING.
 15092 | Lair:4   | 15092 ||| FLEEEEING.
 15093 | Lair:4   | 15093 ||| FLEEEEING.
 15094 | Lair:4   | 15094 ||| FLEEEEING.
 15100 | Lair:4   | 15100 ||| FLEEEEING.
 15101 | Lair:4   | 15101 ||| FLEEEEING.
 15102 | Lair:4   | 15102 ||| FLEEEEING.
 15103 | Lair:4   | 15103 ||| FLEEEEING.
 15104 | Lair:4   | 15104 ||| FLEEEEING.
 15105 | Lair:4   | 15105 ||| STAIRDANCE
 15213 | Lair:3   | 15213 ||| DROPPING ring of ice.
 15214 | Lair:3   | 15214 ||| UPGRADING to ring of protection from cold.
 15219 | Lair:4   | Killed Urug
 15220 | Lair:4   | 15220 ||| STAIRDANCE
 15309 | Lair:4   | 15309 ||| Stepping ~*~*~tactically~*~*~ (stealth).
 15311 | Lair:4   | 15311 ||| Stepping ~*~*~tactically~*~*~ (stealth).
 15315 | Lair:4   | 15315 ||| Stepping ~*~*~tactically~*~*~ (stealth).
 15320 | Lair:4   | 15320 ||| Stepping ~*~*~tactically~*~*~ (stealth).
 15323 | Lair:4   | 15323 ||| Stepping ~*~*~tactically~*~*~ (stealth).
 15324 | Lair:4   | 15324 ||| Stepping ~*~*~tactically~*~*~ (stealth).
 15328 | Lair:4   | Reached skill level 3 in Throwing
 15346 | Lair:4   | 15346 ||| FLEEEEING.
 15347 | Lair:4   | 15347 ||| FLEEEEING.
 15351 | Lair:4   | 15351 ||| FLEEEEING.
 15352 | Lair:4   | 15352 ||| FLEEEEING.
 15353 | Lair:4   | 15353 ||| STAIRDANCE
 15430 | Lair:4   | Reached skill level 18 in Axes
 15443 | Lair:4   | 15443 ||| FLEEEEING.
 15444 | Lair:4   | 15444 ||| FLEEEEING.
 15445 | Lair:4   | 15445 ||| FLEEEEING.
 15446 | Lair:4   | 15446 ||| STAIRDANCE
 15507 | Lair:4   | 15507 ||| STAIRDANCE
 15518 | Lair:4   | 15518 ||| STAIRDANCE
 15632 | Lair:4   | Noticed a death yak
 15632 | Lair:4   | Noticed a death yak
 15634 | Lair:4   | Noticed a death yak
 15636 | Lair:4   | Noticed a death yak
 15637 | Lair:4   | Noticed a death yak
 15639 | Lair:4   | Killed a death yak
 15640 | Lair:4   | Noticed a death yak
 15649 | Lair:4   | Killed a death yak
 15657 | Lair:4   | Killed a death yak
 15662 | Lair:4   | Killed a death yak
 15668 | Lair:4   | Killed a death yak
 15682 | Lair:4   | Killed a death yak
 15995 | Lair:4   | 15995 ||| Stepping ~*~*~tactically~*~*~ (stealth).
 16009 | Lair:4   | 16009 ||| Stepping ~*~*~tactically~*~*~ (stealth).
 16010 | Lair:4   | 16010 ||| Stepping ~*~*~tactically~*~*~ (stealth).
 16019 | Lair:4   | Reached XP level 13. HP: 112/116 MP: 12/12
 16903 | Lair:5   | Entered Level 5 of the Lair of Beasts
 16927 | Lair:5   | Reached skill level 19 in Axes
 17055 | Lair:5   | Reached skill level 12 in Shields
 17072 | Lair:5   | 17072 ||| Stepping ~*~*~tactically~*~*~ (stealth).
 17103 | Lair:5   | HP: 23/116 [death yak (9)]
 17104 | Lair:5   | 17104 ||| READING 9 scrolls of teleportation.
 17105 | Lair:5   | 17105 ||| INVOKING Draw Out Power.
 17426 | Lair:5   | 17426 ||| Stepping ~*~*~tactically~*~*~ (hiding).
 17441 | Lair:5   | Reached skill level 12 in Fighting
 17765 | Lair:5   | 17765 ||| Stepping ~*~*~tactically~*~*~ (stealth).
 17767 | Lair:5   | 17767 ||| Stepping ~*~*~tactically~*~*~ (stealth).
 17774 | Lair:5   | 17774 ||| Stepping ~*~*~tactically~*~*~ (stealth).
 17867 | Lair:5   | 17867 ||| Stepping ~*~*~tactically~*~*~ (hiding).
 17868 | Lair:5   | 17868 ||| Stepping ~*~*~tactically~*~*~ (hiding).
 18130 | Lair:5   | 18130 ||| Stepping ~*~*~tactically~*~*~ (hiding).
 18165 | Lair:5   | 18165 ||| Stepping ~*~*~tactically~*~*~ (cloud).
 18169 | Lair:5   | 18169 ||| Stepping ~*~*~tactically~*~*~ (cloud).
 18170 | Lair:5   | 18170 ||| Stepping ~*~*~tactically~*~*~ (stealth).
 18174 | Lair:5   | 18174 ||| SWAPPING to +0 morningstar.
 18176 | Lair:5   | 18176 ||| SWAPPING to +2 broad axe of freezing.
 18178 | Lair:5   | 18178 ||| SWAPPING to +0 morningstar.
 18179 | Lair:5   | 18179 ||| Stepping ~*~*~tactically~*~*~ (outnumbered).
 18180 | Lair:5   | 18180 ||| SWAPPING to +2 broad axe of freezing.
 18183 | Lair:5   | 18183 ||| SWAPPING to +0 morningstar.
 18185 | Lair:5   | HP: 22/118 [five-headed hydra (9)]
 18186 | Lair:5   | 18186 ||| READING 8 scrolls of teleportation.
 18187 | Lair:5   | 18187 ||| INVOKING Draw Out Power.
 18189 | Lair:5   | 18189 ||| SWAPPING to +2 broad axe of freezing.
 18538 | Lair:5   | 18538 ||| Stepping ~*~*~tactically~*~*~ (stealth).
 18557 | Lair:5   | 18557 ||| Stepping ~*~*~tactically~*~*~ (stealth).
 18561 | Lair:5   | 18561 ||| Stepping ~*~*~tactically~*~*~ (stealth).
 18572 | Lair:5   | 18572 ||| SWAPPING to +0 morningstar.
 18579 | Lair:5   | 18579 ||| SWAPPING to +2 broad axe of freezing.
 18620 | Lair:5   | 18620 ||| Stepping ~*~*~tactically~*~*~ (stealth).
 18621 | Lair:5   | 18621 ||| Stepping ~*~*~tactically~*~*~ (stealth).
 18625 | Lair:5   | 18625 ||| Stepping ~*~*~tactically~*~*~ (stealth).
 18629 | Lair:5   | 18629 ||| Stepping ~*~*~tactically~*~*~ (stealth).
 18630 | Lair:5   | 18630 ||| Stepping ~*~*~tactically~*~*~ (stealth).
 18645 | Lair:5   | 18645 ||| FLEEEEING.
 18651 | Lair:5   | 18651 ||| STAIRDANCE
 18715 | Lair:5   | 18715 ||| Stepping ~*~*~tactically~*~*~ (stealth).
 18775 | Lair:5   | 18775 ||| Stepping ~*~*~tactically~*~*~ (stealth).
 18829 | Lair:5   | 18829 ||| Stepping ~*~*~tactically~*~*~ (stealth).
 18932 | Lair:5   | Found a staircase to the Slime Pits.
 19018 | Lair:5   | 19018 ||| Stepping ~*~*~tactically~*~*~ (cloud).
 19020 | Lair:5   | 19020 ||| Stepping ~*~*~tactically~*~*~ (hiding).
 19029 | Lair:5   | 19029 ||| Stepping ~*~*~tactically~*~*~ (cloud).
 19041 | Lair:5   | 19041 ||| FLEEEEING.
 19042 | Lair:5   | 19042 ||| FLEEEEING.
 19043 | Lair:5   | 19043 ||| FLEEEEING.
 19044 | Lair:5   | 19044 ||| FLEEEEING.
 19045 | Lair:5   | 19045 ||| FLEEEEING.
 19047 | Lair:5   | 19047 ||| FLEEEEING.
 19075 | Lair:5   | 19075 ||| FLEEEEING.
 19076 | Lair:5   | 19076 ||| FLEEEEING.
 19077 | Lair:5   | 19077 ||| FLEEEEING.
 19078 | Lair:5   | 19078 ||| FLEEEEING.
 19079 | Lair:5   | 19079 ||| FLEEEEING.
 19080 | Lair:5   | 19080 ||| FLEEEEING.
 19081 | Lair:5   | 19081 ||| FLEEEEING.
 19082 | Lair:5   | 19082 ||| FLEEEEING.
 19083 | Lair:5   | 19083 ||| FLEEEEING.
 19085 | Lair:5   | 19085 ||| FLEEEEING.
 19086 | Lair:5   | 19086 ||| STAIRDANCE
 19134 | Lair:5   | 19134 ||| SWAPPING to +0 morningstar.
 19137 | Lair:5   | 19137 ||| SWAPPING to +2 broad axe of freezing.
 19219 | Lair:5   | 19219 ||| Stepping ~*~*~tactically~*~*~ (stealth).
 19285 | Lair:5   | 19285 ||| FLEEEEING.
 19286 | Lair:5   | 19286 ||| FLEEEEING.
 19287 | Lair:5   | 19287 ||| FLEEEEING.
 19288 | Lair:5   | 19288 ||| FLEEEEING.
 19291 | Lair:5   | 19291 ||| FLEEEEING.
 19292 | Lair:5   | 19292 ||| Stepping ~*~*~tactically~*~*~ (cloud).
 19293 | Lair:5   | 19293 ||| Stepping ~*~*~tactically~*~*~ (cloud).
 19297 | Lair:5   | 19297 ||| FLEEEEING.
 19299 | Lair:5   | 19299 ||| FLEEEEING.
 19300 | Lair:5   | 19300 ||| FLEEEEING.
 19301 | Lair:5   | 19301 ||| FLEEEEING.
 19302 | Lair:5   | 19302 ||| FLEEEEING.
 19303 | Lair:5   | 19303 ||| FLEEEEING.
 19304 | Lair:5   | 19304 ||| FLEEEEING.
 19306 | Lair:5   | 19306 ||| FLEEEEING.
 19307 | Lair:5   | 19307 ||| FLEEEEING.
 19308 | Lair:5   | 19308 ||| FLEEEEING.
 19309 | Lair:5   | 19309 ||| FLEEEEING.
 19310 | Lair:5   | 19310 ||| FLEEEEING.
 19311 | Lair:5   | 19311 ||| FLEEEEING.
 19494 | Lair:5   | 19494 ||| Stepping ~*~*~tactically~*~*~ (stealth).
 19514 | Lair:5   | 19514 ||| FLEEEEING.
 19515 | Lair:5   | 19515 ||| FLEEEEING.
 19516 | Lair:5   | 19516 ||| FLEEEEING.
 19699 | Lair:5   | 19699 ||| FLEEEEING.
 19756 | Lair:5   | 19756 ||| FLEEEEING.
 19759 | Lair:5   | 19759 ||| FLEEEEING.
 19760 | Lair:5   | 19760 ||| FLEEEEING.
 19761 | Lair:5   | 19761 ||| FLEEEEING.
 19784 | Lair:5   | 19784 ||| Stepping ~*~*~tactically~*~*~ (stealth).
 19926 | Lair:5   | 19926 ||| Stepping ~*~*~tactically~*~*~ (stealth).
 20028 | Lair:5   | 20028 ||| DROPPING +0 war axe of freezing.
 20080 | Lair:5   | Reached XP level 14. HP: 128/129 MP: 13/13
 20099 | Lair:5   | Reached skill level 12 in Armour
 20103 | Lair:5   | Found a corrupted altar of Lugonu.
 20103 | Lair:5   | Found a one-way gate to the infinite horrors of the Abyss.
 20119 | Lair:5   | 20119 ||| PLANNING D
 20196 | Lair:5   | 20196 ||| Stepping ~*~*~tactically~*~*~ (stealth).
 20652 | D:12     | Reached skill level 6 in Throwing
 21217 | D:12     | 21217 ||| SWAPPING to +0 morningstar.
 21222 | D:12     | 21222 ||| SWAPPING to +2 broad axe of freezing.
 21252 | D:12     | 21252 ||| DROPPING amulet of guardian spirit.
 21253 | D:12     | 21253 ||| READING 2 scrolls of identify.
 21253 | D:12     | 21253 ||| IDENTIFYING amethyst potion
 21254 | D:12     | 21254 ||| DROPPING potion of invisibility.
 21260 | D:13     | 21260 ||| PLANNING GAUNTLET
 21262 | D:13     | 21262 ||| Stepping ~*~*~tactically~*~*~ (stealth).
 21307 | D:13     | 21307 ||| Stepping randomly (disturbance).
 21359 | D:13     | 21359 ||| INVOKING Sacrifice Experience.
 21359 | D:13     | Gained mutation: You are somewhat inexperienced. (-1 XL)
                  | [Ru sacrifice]
 21359 | D:13     | Reached XP level 13. HP: 122/122 MP: 12/12
 21359 | D:13     | Reached **** piety under Ru
 21359 | D:13     | Reached ***** piety under Ru
 21427 | D:13     | Identified the +3 ring mail of the Sun {rF++ Str+6 Dex-4}
 21466 | D:13     | 21466 ||| READING scroll of enchant weapon.
 21466 | D:13     | 21466 ||| ENCHANTING +2 broad axe of freezing.
 21477 | D:13     | 21477 ||| Stepping ~*~*~tactically~*~*~ (hiding).
 21487 | D:13     | 21487 ||| Stepping ~*~*~tactically~*~*~ (stealth).
 21488 | D:13     | 21488 ||| Stepping ~*~*~tactically~*~*~ (stealth).
 21501 | D:13     | 21501 ||| Stepping ~*~*~tactically~*~*~ (stealth).
 21511 | D:13     | 21511 ||| INVOKING Apocalypse.
 21527 | D:13     | 21527 ||| FLEEEEING.
 21528 | D:13     | 21528 ||| FLEEEEING.
 21529 | D:13     | 21529 ||| FLEEEEING.
 21531 | D:13     | 21531 ||| FLEEEEING.
 21532 | D:13     | 21532 ||| FLEEEEING.
 21533 | D:13     | 21533 ||| FLEEEEING.
 21534 | D:13     | 21534 ||| FLEEEEING.
 21535 | D:13     | 21535 ||| FLEEEEING.
 21675 | D:13     | 21675 ||| Stepping ~*~*~tactically~*~*~ (hiding).
 21676 | D:13     | 21676 ||| Stepping ~*~*~tactically~*~*~ (hiding).
 21766 | D:13     | 21766 ||| RIP GAUNTLET
 21776 | D:13     | 21776 ||| PLANNING D
 21893 | D:13     | 21893 ||| Stepping ~*~*~tactically~*~*~ (hiding).
 22251 | D:13     | 22251 ||| DROPPING +2 ring mail "Gerchiro" {rF+ rCorr
                  | Dex+3}.
 22252 | D:13     | 22252 ||| UPGRADING to +6 ring of strength.
 22254 | D:13     | 22254 ||| DROPPING ring of protection from cold.
 22255 | D:13     | 22255 ||| READING 3 scrolls of identify.
 22255 | D:13     | 22255 ||| IDENTIFYING sedimented coppery potion
 22270 | D:14     | 22270 ||| STAIRDANCE
 22359 | D:14     | 22359 ||| INVOKING Apocalypse.
 22863 | D:14     | 22863 ||| Stepping ~*~*~tactically~*~*~ (stealth).
 22864 | D:14     | 22864 ||| Stepping ~*~*~tactically~*~*~ (stealth).
 22868 | D:14     | 22868 ||| DRINKING potion of cancellation.
 22931 | D:14     | Found a gate to the Vaults.
 23215 | D:14     | 23215 ||| Stepping ~*~*~tactically~*~*~ (stealth).
 23217 | D:14     | 23217 ||| INVOKING Apocalypse.
 23222 | D:14     | 23222 ||| FLEEEEING.
 23223 | D:14     | 23223 ||| FLEEEEING.
 23224 | D:14     | 23224 ||| FLEEEEING.
 23225 | D:14     | 23225 ||| FLEEEEING.
 23226 | D:14     | 23226 ||| FLEEEEING.
 23227 | D:14     | 23227 ||| FLEEEEING.
 23228 | D:14     | 23228 ||| FLEEEEING.
 23229 | D:14     | 23229 ||| FLEEEEING.
 23230 | D:14     | 23230 ||| FLEEEEING.
 23231 | D:14     | 23231 ||| FLEEEEING.
 23232 | D:14     | 23232 ||| FLEEEEING.
 23233 | D:14     | 23233 ||| FLEEEEING.
 23234 | D:14     | 23234 ||| FLEEEEING.
 23235 | D:14     | 23235 ||| FLEEEEING.
 23236 | D:14     | 23236 ||| FLEEEEING.
 23237 | D:14     | 23237 ||| FLEEEEING.
 23238 | D:14     | 23238 ||| FLEEEEING.
 23239 | D:14     | 23239 ||| FLEEEEING.
 23240 | D:14     | 23240 ||| FLEEEEING.
 23241 | D:14     | 23241 ||| FLEEEEING.
 23242 | D:14     | 23242 ||| FLEEEEING.
 23243 | D:14     | 23243 ||| FLEEEEING.
 23244 | D:14     | 23244 ||| FLEEEEING.
 23245 | D:14     | 23245 ||| FLEEEEING.
 23246 | D:14     | 23246 ||| FLEEEEING.
 23247 | D:14     | 23247 ||| FLEEEEING.
 23248 | D:14     | 23248 ||| FLEEEEING.
 23249 | D:14     | 23249 ||| FLEEEEING.
 23250 | D:14     | 23250 ||| FLEEEEING.
 23251 | D:14     | 23251 ||| FLEEEEING.
 23253 | D:14     | 23253 ||| FLEEEEING.
 23254 | D:14     | 23254 ||| FLEEEEING.
 23255 | D:14     | 23255 ||| FLEEEEING.
 23256 | D:14     | 23256 ||| FLEEEEING.
 23257 | D:14     | 23257 ||| FLEEEEING.
 23258 | D:14     | 23258 ||| FLEEEEING.
 23259 | D:14     | 23259 ||| FLEEEEING.
 23260 | D:14     | 23260 ||| FLEEEEING.
 23261 | D:14     | 23261 ||| FLEEEEING.
 23262 | D:14     | 23262 ||| FLEEEEING.
 23263 | D:14     | 23263 ||| FLEEEEING.
 23264 | D:14     | 23264 ||| FLEEEEING.
 23265 | D:14     | 23265 ||| FLEEEEING.
 23305 | D:14     | 23305 ||| Stepping ~*~*~tactically~*~*~ (stealth).
 23307 | D:14     | 23307 ||| Stepping ~*~*~tactically~*~*~ (stealth).
 23314 | D:14     | 23314 ||| Stepping ~*~*~tactically~*~*~ (stealth).
 23322 | D:14     | 23322 ||| INVOKING Apocalypse.
 23324 | D:14     | 23324 ||| FLEEEEING.
 23325 | D:14     | 23325 ||| FLEEEEING.
 23326 | D:14     | 23326 ||| FLEEEEING.
 23327 | D:14     | 23327 ||| FLEEEEING.
 23328 | D:14     | 23328 ||| FLEEEEING.
 23329 | D:14     | 23329 ||| FLEEEEING.
 23330 | D:14     | 23330 ||| FLEEEEING.
 23346 | D:14     | 23346 ||| FLEEEEING.
 23348 | D:14     | 23348 ||| FLEEEEING.
 23349 | D:14     | 23349 ||| FLEEEEING.
 23350 | D:14     | 23350 ||| FLEEEEING.
 23351 | D:14     | 23351 ||| FLEEEEING.
 23352 | D:14     | 23352 ||| FLEEEEING.
 23353 | D:14     | 23353 ||| FLEEEEING.
 23354 | D:14     | 23354 ||| FLEEEEING.
 23355 | D:14     | 23355 ||| FLEEEEING.
 23356 | D:14     | 23356 ||| FLEEEEING.
 23357 | D:14     | 23357 ||| FLEEEEING.
 23358 | D:14     | 23358 ||| FLEEEEING.
 23359 | D:14     | 23359 ||| FLEEEEING.
 23611 | D:14     | Reached skill level 15 in Fighting
 23617 | D:14     | 23617 ||| Stepping ~*~*~tactically~*~*~ (hiding).
 23888 | D:14     | 23888 ||| READING scroll labelled MECOARH FAGOG.
 23889 | D:14     | 23889 ||| READING 8 scrolls of teleportation.
 23912 | D:15     | Entered Level 15 of the Dungeon
 23998 | D:15     | 23998 ||| INVOKING Apocalypse.
 24000 | D:15     | Reached skill level 15 in Shields
 24279 | D:15     | 24279 ||| Stepping ~*~*~tactically~*~*~ (stealth).
 24545 | D:15     | 24545 ||| INVOKING Sacrifice Experience.
 24545 | D:15     | Gained mutation: You are inexperienced. (-2 XL) [Ru
                  | sacrifice]
 24545 | D:15     | Reached XP level 12. HP: 115/115 MP: 11/11
 24545 | D:15     | Reached ****** piety under Ru
 24615 | D:15     | 24615 ||| READING 8 scrolls of teleportation.
 24617 | D:15     | 24617 ||| INVOKING Apocalypse.
 24832 | D:15     | 24832 ||| READING scroll of enchant weapon.
 24832 | D:15     | 24832 ||| ENCHANTING +3 broad axe of freezing.
 24868 | D:15     | 24868 ||| Stepping ~*~*~tactically~*~*~ (stealth).
 24871 | D:15     | 24871 ||| Stepping ~*~*~tactically~*~*~ (stealth).
 24873 | D:15     | 24873 ||| Stepping ~*~*~tactically~*~*~ (stealth).
 24885 | D:15     | 24885 ||| Stepping ~*~*~tactically~*~*~ (stealth).
 24889 | D:15     | Reached XP level 13. HP: 106/106 MP: 12/12
 24915 | D:15     | 24915 ||| Stepping ~*~*~tactically~*~*~ (stealth).
 24919 | D:15     | 24919 ||| Stepping ~*~*~tactically~*~*~ (stealth).
 24922 | D:15     | 24922 ||| Stepping ~*~*~tactically~*~*~ (stealth).
 24924 | D:15     | 24924 ||| Stepping ~*~*~tactically~*~*~ (stealth).
 24928 | D:15     | 24928 ||| SWAPPING to +0 morningstar.
 24930 | D:15     | 24930 ||| SWAPPING to +4 broad axe of freezing.
 24931 | D:15     | 24931 ||| SWAPPING to +0 morningstar.
 24937 | D:15     | 24937 ||| SWAPPING to +4 broad axe of freezing.
 24998 | D:15     | 24998 ||| Stepping ~*~*~tactically~*~*~ (stealth).
 24999 | D:15     | 24999 ||| Stepping ~*~*~tactically~*~*~ (stealth).
 25002 | D:15     | 25002 ||| Stepping ~*~*~tactically~*~*~ (stealth).
 25181 | D:15     | 25181 ||| FLEEEEING.
 25182 | D:15     | 25182 ||| FLEEEEING.
 25183 | D:15     | 25183 ||| FLEEEEING.
 25184 | D:15     | 25184 ||| FLEEEEING.
 25185 | D:15     | 25185 ||| FLEEEEING.
 25186 | D:15     | 25186 ||| FLEEEEING.
 25191 | D:15     | 25191 ||| FLEEEEING.
 25192 | D:15     | 25192 ||| FLEEEEING.
 25193 | D:15     | 25193 ||| FLEEEEING.
 25194 | D:15     | 25194 ||| FLEEEEING.
 25196 | D:15     | 25196 ||| FLEEEEING.
 25197 | D:15     | 25197 ||| FLEEEEING.
 25198 | D:15     | 25198 ||| FLEEEEING.
 25199 | D:15     | 25199 ||| FLEEEEING.
 25200 | D:15     | 25200 ||| FLEEEEING.
 25201 | D:15     | 25201 ||| FLEEEEING.
 25202 | D:15     | 25202 ||| FLEEEEING.
 25203 | D:15     | 25203 ||| FLEEEEING.
 25204 | D:15     | 25204 ||| FLEEEEING.
 25205 | D:15     | 25205 ||| FLEEEEING.
 25206 | D:15     | 25206 ||| FLEEEEING.
 25207 | D:15     | 25207 ||| FLEEEEING.
 25208 | D:15     | 25208 ||| FLEEEEING.
 25209 | D:15     | 25209 ||| FLEEEEING.
 25321 | D:15     | 25321 ||| Stepping ~*~*~tactically~*~*~ (stealth).
 25324 | D:15     | 25324 ||| SWAPPING to +0 morningstar.
 25333 | D:15     | 25333 ||| SWAPPING to +4 broad axe of freezing.
 25460 | D:15     | 25460 ||| INVOKING Apocalypse.
 25785 | D:15     | 25785 ||| FLEEEEING.
 25786 | D:15     | 25786 ||| FLEEEEING.
 25787 | D:15     | 25787 ||| FLEEEEING.
 25788 | D:15     | 25788 ||| FLEEEEING.
 25925 | D:15     | Found a staircase to the Depths.
 26075 | D:15     | 26075 ||| PLANNING ORC
 26075 | D:15     | 26075 ||| DROPPING ring of positive energy.
 26076 | D:15     | 26076 ||| UPGRADING to ring of poison resistance.
 26078 | D:15     | 26078 ||| DROPPING ring of resist corrosion.
 26212 | Orc:1    | Entered Level 1 of the Orcish Mines
 26220 | Orc:1    | 26220 ||| Stepping ~*~*~tactically~*~*~ (hiding).
 26226 | Orc:1    | 26226 ||| Stepping ~*~*~tactically~*~*~ (stealth).
 26456 | Orc:1    | Found a bloodstained altar of Trog.
 26682 | Orc:2    | Entered Level 2 of the Orcish Mines
 26686 | Orc:2    | 26686 ||| STAIRDANCE
 26695 | Orc:2    | 26695 ||| STAIRDANCE
 26718 | Orc:2    | Found a staircase to the Elven Halls.
 26780 | Orc:2    | Found Medwuhao's Magic Scroll Boutique.
 26789 | Orc:2    | HP: 20/115 [orc warrior/+0 trident (18)]
 26790 | Orc:2    | 26790 ||| READING 7 scrolls of teleportation.
 26791 | Orc:2    | 26791 ||| DRINKING 9 potions of heal wounds.
 26792 | Orc:2    | 26792 ||| INVOKING Apocalypse.
 26800 | Orc:2    | 26800 ||| Stepping ~*~*~tactically~*~*~ (hiding).
 26803 | Orc:2    | 26803 ||| Stepping ~*~*~tactically~*~*~ (hiding).
 26804 | Orc:2    | 26804 ||| FLEEEEING.
 26805 | Orc:2    | 26805 ||| FLEEEEING.
 26806 | Orc:2    | 26806 ||| FLEEEEING.
 26808 | Orc:2    | 26808 ||| FLEEEEING.
 26809 | Orc:2    | 26809 ||| FLEEEEING.
 26810 | Orc:2    | 26810 ||| STAIRDANCE
 27041 | Orc:2    | 27041 ||| STAIRDANCE
 27173 | Orc:2    | 27173 ||| STAIRDANCE
 27183 | Orc:2    | 27183 ||| STAIRDANCE
 27188 | Orc:2    | 27188 ||| STAIRDANCE
 27216 | Orc:2    | 27216 ||| STAIRDANCE
 27227 | Orc:2    | 27227 ||| STAIRDANCE
 27299 | Orc:2    | 27299 ||| STAIRDANCE
 27334 | Orc:2    | 27334 ||| STAIRDANCE
 27402 | Orc:2    | 27402 ||| Stepping ~*~*~tactically~*~*~ (hiding).
 27442 | Orc:2    | 27442 ||| Stepping ~*~*~tactically~*~*~ (stealth).
 27477 | Orc:2    | 27477 ||| Stepping ~*~*~tactically~*~*~ (stealth).
 27492 | Orc:2    | 27492 ||| Stepping ~*~*~tactically~*~*~ (stealth).
 27493 | Orc:2    | 27493 ||| Stepping ~*~*~tactically~*~*~ (stealth).
 27586 | Orc:2    | 27586 ||| DROPPING +0 morningstar.
 27598 | Orc:2    | Found Lairihai's Jewellery Emporium.
 27603 | Orc:2    | 27603 ||| BUYING scroll of enchant weapon (120 gold).
 27603 | Orc:2    | Bought a scroll of enchant weapon for 120 gold pieces
 27603 | Orc:2    | 27603 ||| BUYING scroll of identify (32 gold).
 27603 | Orc:2    | Bought a scroll of identify for 32 gold pieces
 27603 | Orc:2    | 27603 ||| BUYING scroll of identify (32 gold).
 27603 | Orc:2    | Bought a scroll of identify for 32 gold pieces
 27603 | Orc:2    | 27603 ||| BUYING scroll of identify (32 gold).
 27603 | Orc:2    | Bought a scroll of identify for 32 gold pieces
 27603 | Orc:2    | 27603 ||| BUYING scroll of identify (32 gold).
 27603 | Orc:2    | Bought a scroll of identify for 32 gold pieces
 27603 | Orc:2    | 27603 ||| BUYING scroll of teleportation (48 gold).
 27603 | Orc:2    | Bought a scroll of teleportation for 48 gold pieces
 27603 | Orc:2    | 27603 ||| READING scroll of enchant weapon.
 27603 | Orc:2    | 27603 ||| ENCHANTING +4 broad axe of freezing.
 27613 | Orc:2    | 27613 ||| BUYING +4 ring of slaying (1092 gold).
 27613 | Orc:2    | Bought a +4 ring of slaying for 1092 gold pieces
 27613 | Orc:2    | 27613 ||| SHOPLISTING ring "Paiqocom" {rPois EV+4} (660
                  | gold, have 325).
 27613 | Orc:2    | 27613 ||| SHOPLISTING ring of fire (350 gold, have 325).
 27613 | Orc:2    | 27613 ||| SHOPLISTING ring of protection from fire (350
                  | gold, have 325).
 27635 | Orc:2    | 27635 ||| FLEEEEING.
 27636 | Orc:2    | 27636 ||| FLEEEEING.
 27637 | Orc:2    | 27637 ||| FLEEEEING.
 27638 | Orc:2    | 27638 ||| FLEEEEING.
 27639 | Orc:2    | 27639 ||| FLEEEEING.
 27640 | Orc:2    | 27640 ||| FLEEEEING.
 27641 | Orc:2    | 27641 ||| FLEEEEING.
 27642 | Orc:2    | 27642 ||| STAIRDANCE
 27701 | Orc:1    | 27701 ||| UPGRADING to +3 plate armour.
 27711 | Orc:1    | 27711 ||| DROPPING +0 plate armour.
 27712 | Orc:1    | 27712 ||| DROPPING +6 ring of dexterity.
 27713 | Orc:1    | 27713 ||| UPGRADING to +4 ring of slaying {mikee}.
 27715 | Orc:1    | 27715 ||| DROPPING ring of protection from cold.
 27812 | Orc:2    | Found Puydog's Magic Scroll Boutique.
 27812 | Orc:2    | Found Woumung's Armour Emporium.
 27830 | Orc:2    | 27830 ||| Stepping ~*~*~tactically~*~*~ (stealth).
 27831 | Orc:2    | 27831 ||| Stepping ~*~*~tactically~*~*~ (stealth).
 27871 | Orc:2    | 27871 ||| BUYING scroll of identify (26 gold).
 27871 | Orc:2    | Bought a scroll of identify for 26 gold pieces
 27871 | Orc:2    | 27871 ||| BUYING scroll of identify (26 gold).
 27871 | Orc:2    | Bought a scroll of identify for 26 gold pieces
 27871 | Orc:2    | 27871 ||| BUYING scroll of identify (26 gold).
 27871 | Orc:2    | Bought a scroll of identify for 26 gold pieces
 27871 | Orc:2    | 27871 ||| BUYING scroll of identify (26 gold).
 27871 | Orc:2    | Bought a scroll of identify for 26 gold pieces
 27871 | Orc:2    | 27871 ||| BUYING scroll of teleportation (39 gold).
 27871 | Orc:2    | Bought a scroll of teleportation for 39 gold pieces
 27880 | Orc:2    | 27880 ||| SHOPLISTING +2 plate armour of Defiance {rF-
                  | rCorr Dex+2} (470 gold, have 329).
 27926 | Orc:2    | Found Zoaguh's Antique Armour Shoppe.
 27934 | Orc:2    | 27934 ||| SHOPLISTING +3 pair of gauntlets of War {Slay+5}
                  | (1140 gold, have 360).
 27934 | Orc:2    | 27934 ||| BUYING scorched chain mail (228 gold).
 27934 | Orc:2    | Bought a scorched chain mail for 228 gold pieces
 27934 | Orc:2    | Identified the +0 chain mail of Baummoppi {rPois rF+ rC-
                  | Dex+2} (You bought it in a shop on level 2 of the Orcish
                  | Mines)
 27934 | Orc:2    | 27934 ||| SHOPLISTING smoking crystal plate armour (2040
                  | gold, have 132).
 27964 | Orc:2    | 27964 ||| Stepping ~*~*~tactically~*~*~ (stealth).
 28166 | Orc:2    | 28166 ||| PLANNING SWAMP:1-3
 28321 | Swamp:1  | Entered Level 1 of the Swamp
 28370 | Swamp:1  | 28370 ||| INVOKING Apocalypse.
 28374 | Swamp:1  | 28374 ||| Stepping ~*~*~tactically~*~*~ (hiding).
 28377 | Swamp:1  | 28377 ||| Stepping ~*~*~tactically~*~*~ (hiding).
 28399 | Swamp:1  | 28399 ||| Stepping ~*~*~tactically~*~*~ (stealth).
 28486 | Swamp:1  | 28486 ||| Stepping ~*~*~tactically~*~*~ (stealth).
 28487 | Swamp:1  | 28487 ||| Stepping ~*~*~tactically~*~*~ (stealth).
 28765 | Swamp:1  | 28765 ||| SWAPPING to +1 war axe of flaming.
 28775 | Swamp:1  | 28775 ||| SWAPPING to +5 broad axe of freezing.
 28778 | Swamp:1  | 28778 ||| Stepping ~*~*~tactically~*~*~ (cloud).
 29152 | Swamp:1  | 29152 ||| Stepping ~*~*~tactically~*~*~ (cloud).
 29228 | Swamp:1  | 29228 ||| Stepping ~*~*~tactically~*~*~ (water).
 29235 | Swamp:1  | Reached skill level 15 in Armour
 29372 | Swamp:1  | 29372 ||| Stepping ~*~*~tactically~*~*~ (hiding).
 29554 | Swamp:1  | 29554 ||| INVOKING Apocalypse.
 29557 | Swamp:1  | 29557 ||| SWAPPING to +1 war axe of flaming.
 29559 | Swamp:1  | 29559 ||| Stepping ~*~*~tactically~*~*~ (hiding).
 29562 | Swamp:1  | 29562 ||| Stepping ~*~*~tactically~*~*~ (water).
 29564 | Swamp:1  | 29564 ||| SWAPPING to +5 broad axe of freezing.
 29630 | Swamp:1  | You fall into a shaft and drop 1 floor!
 29634 | Swamp:2  | 29634 ||| SWAPPING to +1 war axe of flaming.
 29638 | Swamp:2  | HP: 24/112 [acid (6)]
 29639 | Swamp:2  | 29639 ||| READING 9 scrolls of teleportation.
 29639 | Swamp:2  | HP: 6/112 [three-headed hydra (9)]
 29639 | Swamp:2  | Mangled by a spriggan rider

Levels and vault maps discovered:
D:1:      dpeg_arrival_simpleton_c, layout_loops_ring,
          chequers_ecumenical_altar_simple_redux
D:2:      layout_basic, minmay_tetromino_l2, uniq_robin
D:3:      layout_loops_ring, fedhas_ov_isle_minmay,
          gammafunk_temple_overflow_arena, nicolae_vehumet_radiance,
          lemuel_zombie_altar_yredelemnul, mainiacjoe_overflow_tiny_flanked,
          uniq_ijyb
D:4:      wander_river, layout_basic, okawaru_gym_becter, lemuel_doored_altar
D:5:      layout_rooms, kennysheep_mini_moat, lightli_sewer_entry_pipes,
          ebering_ghost_sewer_d
D:6:      layout_loops_corners, temple_pool_b, minmay_misc_feat_tower,
          dk_noncrumbling_4
D:7:      layout_basic, nicolae_ru_sacrificial_ziggurat, nicolae_titane
D:8:      layout_cave_pools, zin_statuary,
          chequers_temple_overflow_statue_of_worship
D:9:      layout_small_grid, gammafunk_ghost_ooze, kennysheep_flooded_box
D:10:     layout_cave_pools, nicolae_overflow_hidden_temple,
          nzn_makhleb_speed_demon, overflow_temple_1_default, orc_0_dummy,
          minmay_rotating_lava
D:11:     layout_long_grid, erik_lair_orcish_takeover,
          portal_ice_cave_entry_pillars_1
D:12:     layout_roguey, minmay_door_square, kennysheep_small_square
D:13:     layout_loops_ring, gauntlet_entry_generic
D:14:     layout_cave_pods, david_vaults_1, kennysheep_opposing_triangles
D:15:     grunt_enter_depths_snipers, layout_irregular_city, minivault_19,
          hangedman_decor_slide_cut
Temple:   hellmonk_temple_of_storms
Lair:1:   layout_cave_pods
Lair:2:   layout_roguey [special_room_bee], minmay_swamp_entry_reptiles,
          dummy_snake_entry, grunt_megastairs_1, serial_bayou_shore_a
Lair:3:   layout_hall_layers, grunt_forest_small_clearing_treed,
          infiniplex_staircase_pool_2, grunt_megastairs_4
Lair:4:   layout_small_grid, chequers_serial_rivers_micro_a, uniq_urug
Lair:5:   hellmonk_lair_end_abyssal_woods, layout_loops_ring,
          dpeg_slime_entry_corner, serial_bayou_shore_b, serial_bayou_shore_b,
          grunt_megastairs_3
Swamp:1:  layout_basic_swamp, nicolae_swamp_ascending_descending, swamp_pool2,
          infiniplex_staircase_pool
Swamp:2:  layout_falls_marsh, nicolae_swamp_small_spring, uniq_mlioglotl
Orc:1:    layout_caves, basic_altar
Orc:2:    st_orc_town, layout_caves, serial_shops, nicolae_shop_hallway_stairs,
          basic_altar, lightli_orcish_oven

Skill      XL: |  1  2  3  4  5  6  7  8  9 10 11 12 13 14 |
---------------+-------------------------------------------+-----
Axes           | 3 4 5 6 7 8 9 11 13 14 17 18 19 | 19.0
Dodging        | 1 2 0 |  0.0
Fighting       | 4 5 6 7 8 9 11 16 | 16.9
Shields        | 5 6 7 9 10 11 15 | 15.0
Armour         | 4 7 8 10 15 12 | 15.0
Throwing       | 1 3 7 6 |  7.0

Action                   |  1- 3 |  4- 6 |  7- 9 | 10-12 | 13-15 || total
-------------------------+-------+-------+-------+-------+-------++-------
Melee: War axe           |    83 |    58 |       |       |    14 ||   155
       Headbutt          |    13 |    23 |    35 |   114 |   158 ||   343
       Hand axe          |       |    31 |       |       |       ||    31
       Broad axe         |       |   101 |   217 |   486 |   738 ||  1542
       Morningstar       |       |       |       |     5 |    26 ||    31
Throw: Boomerang         |       |    33 |     2 |    73 |   151 ||   259
       Javelin           |       |       |       |     8 |    91 ||    99
Invok: Sacrifice Nimblen |       |       |     1 |       |       ||     1
       Draw Out Power    |       |       |       |     2 |     2 ||     4
       Sacrifice Artific |       |       |       |     1 |       ||     1
       Apocalypse        |       |       |       |     1 |     9 ||    10
       Sacrifice Experie |       |       |       |     1 |     1 ||     2
       Reject Sacrifices |       |       |       |     1 |       ||     1
  Use: Scroll            |     6 |     8 |    11 |     6 |    10 ||    41
       Potion            |       |     1 |     1 |     3 |     2 ||     7
 Stab: Invisible         |       |       |       |     2 |     4 ||     6
       Distracted        |       |       |       |     1 |     2 ||     3
       Paralysed         |       |       |       |     2 |    11 ||    13
       Petrified         |       |       |       |       |     2 ||     2
Armor: Scale mail        |    29 |    53 |       |       |       ||    82
       Chain mail        |       |    20 |    69 |       |       ||    89
       Ring mail         |       |       |    19 |    18 |       ||    37
       Plate armour      |       |       |       |   203 |   225 ||   428
Dodge: Dodged            |    32 |    54 |    81 |    81 |    85 ||   333
Block: Buckler           |    11 |    34 |       |       |       ||    45
       Kite shield       |       |    16 |   116 |   301 |   431 ||   864
       Reflection        |       |       |       |       |    15 ||    15

Table legend:
 A = Non-vault XP
 B = Vault XP
 C = Vault XP percentage of total XP
 D = Non-vault monster count
 E = Vault monster count
 F = Vault count percentage of total count
                 A         B        C        D         E       F
            +---------+---------+-------+---------+---------+-------
      Total |  101905 |   32162 |  24.0 |     455 |     205 |  31.1
            +---------+---------+-------+---------+---------+-------
        D:1 |      39 |       0 |   0.0 |      25 |       0 |   0.0
        D:2 |     146 |      42 |  22.3 |      31 |      13 |  29.5
        D:3 |      47 |      38 |  44.7 |      16 |       3 |  15.8
        D:4 |     171 |       0 |   0.0 |      12 |       0 |   0.0
        D:5 |     478 |     131 |  21.5 |      11 |      18 |  62.1
        D:6 |     895 |       0 |   0.0 |      16 |       0 |   0.0
        D:7 |     744 |       0 |   0.0 |      10 |       0 |   0.0
        D:8 |    1665 |       0 |   0.0 |      23 |       0 |   0.0
        D:9 |    3738 |       0 |   0.0 |      31 |       0 |   0.0
       D:10 |    1671 |       0 |   0.0 |      10 |       0 |   0.0
       D:11 |    5266 |     655 |  11.1 |      23 |       8 |  25.8
       D:12 |    5940 |     636 |   9.7 |      23 |       2 |   8.0
       D:13 |    7082 |       0 |   0.0 |      15 |       0 |   0.0
       D:14 |    8921 |    2720 |  23.4 |      21 |       6 |  22.2
       D:15 |   16886 |    2769 |  14.1 |      32 |       3 |   8.6
     Lair:1 |     859 |       0 |   0.0 |       3 |       0 |   0.0
     Lair:2 |    3714 |    3681 |  49.8 |      17 |      33 |  66.0
     Lair:3 |    2256 |       0 |   0.0 |      10 |       0 |   0.0
     Lair:4 |   14417 |     782 |   5.1 |      34 |       1 |   2.9
     Lair:5 |   11912 |   12611 |  51.4 |      33 |      44 |  57.1
    Swamp:1 |   10837 |       0 |   0.0 |      19 |       0 |   0.0
    Swamp:2 |    1088 |       0 |   0.0 |       3 |       0 |   0.0
      Orc:1 |    1946 |    2272 |  53.9 |      27 |      13 |  32.5
      Orc:2 |    1187 |    5672 |  82.7 |      10 |      52 |  83.9
      Sewer |       0 |     153 | 100.0 |       0 |       9 | 100.0
            +---------+---------+-------+---------+---------+-------
